 Dungeon Crawl Stone Soup version 0.32-a0-814-g0968bab981 (webtiles) character file.

Game seed: 14084659088866557553

151 Kenran the Ruffian (level 5, -1/38 HPs)
             Began as a Minotaur Ice Elementalist on Mar 22, 2024.
             Slain by an orc
             ... wielding a +0 club
              (3 damage)
             ... on level 3 of the Dungeon.
             The game lasted 00:04:03 (2316 turns).

Kenran the Ruffian (Minotaur Ice Elementalist)      Turns: 2316, Time: 00:04:04

Health: -1/38      AC:  8    Str: 15    XL:     5   Next: 11%
Magic:  6/6        EV:  6    Int: 12    God:
Gold:   86         SH:  0    Dex: 10    Spells: 5/6 levels left

rFire   . .          .
                       - Unarmed
rCold   . . .        (no shield)
rNeg    . . .        g - +0 chain mail
rPois   .            (helmet restricted)
rElec   .            (no cloak)
rCorr   .            (no gloves)
SInv    .            (no boots)
Will    .....        (no amulet) Stlth
                     (no ring)
HPRegen 0.26/turn    (no ring)
MPRegen 0.10/turn

%: no passive effects
@: no status effects
A: horns 2, retaliatory headbutt
a: no special abilities


You were on level 3 of the Dungeon.
You visited 1 branch of the dungeon, and saw 3 of its levels.

You collected 86 gold pieces.

Inventory:

Armour
 g - a +0 chain mail (worn)
Scrolls
 a - a scroll of teleportation
 d - 2 scrolls of identify {unknown}
 f - a scroll of blinking {unknown}
 i - a scroll of noise {unknown}
 j - 2 scrolls of amnesia {unknown}
Potions
 b - a potion of magic
 c - a potion of resistance {unknown}
 e - a potion of enlightenment {unknown}
 h - a potion of lignification {unknown}


   Skills:
 - Level 2.1 Dodging
 - Level 1.5 Stealth
 + Level 5.3 Unarmed Combat
 - Level 1.3 Spellcasting
 - Level 2.9 Ice Magic


You had 5 spell levels left.
You knew the following spells:

 Your Spells              Type           Power      Damage    Failure   Level
a - Freeze                Ice            28%        1d5       82%         1

Your spell library contained the following spells:

 Spells                   Type           Power      Damage    Failure   Level
 Frozen Ramparts          Ice            14%        1d3       99%         3
 Ozocubu's Armour         Ice            7%         N/A       99%         3
 Static Discharge         Conj/Air       0%         3-3/arc   100%        2
 Summon Ice Beast         Ice/Summ       4%         N/A       100%        3
 Airstrike                Air            0%         2d(0-16)  100%        4
 Summon Lightning Spire   Summ/Air       0%         N/A       100%        4


Dungeon Overview and Level Annotations

Branches:
Dungeon (3/15)

Altars:
Qazlal

Annotations:
D:1 exclusion: downstairs


Innate Abilities, Weirdness & Mutations

You have a pair of horns on your head.
You reflexively headbutt those who attack you in melee.


Message History

An orc comes into view. It is wielding a +0 hand axe.
The orc shouts!
You hear a shout! 2 orcs come into view.
The orc shouts!
You hit the dart slug but do no damage. The dart slug launches a dart at you.
The slug dart hits you but does no damage.
You hit the dart slug. You headbutt the dart slug.
The dart slug is heavily wounded.
The endoplasm hits you.
You hit the dart slug but do no damage. You punch the dart slug.
The dart slug is severely wounded.
The endoplasm hits you but does no damage.
The dart slug launches a dart at you. The slug dart hits you.
You punch the dart slug!
You kill the dart slug!
The endoplasm hits you but does no damage.
You hit the endoplasm. Your punch misses the endoplasm.
The endoplasm is severely wounded.
The orc closely misses you. The endoplasm freezes you.
You are frozen.
You hit the endoplasm.
You kill the endoplasm!
The orc hits you but does no damage.
You barely miss the orc. The orc hits you with a +0 dagger.
* * * LOW HITPOINT WARNING * * *
The orc barely misses you.
You closely miss the orc. The orc barely misses you. You furiously retaliate!
You headbutt the orc. The orc hits you with a +0 hand axe.
* * * LOW HITPOINT WARNING * * *
The orc hits you but does no damage.
You punch the orc!
You kill the orc!
A ball python comes into view.
The orc hits you with a +0 hand axe.
* * * LOW HITPOINT WARNING * * *
The orc hits you with a +0 club.
You die...

.............................##
######...................%....#
# ##.........................#
# #..........................#
# #..........................#
# #...........)..............#
# #......................)...#
# #..........................#
# #...........)@.............#
# #...........oo.............#
# ...........................#
# .....................# #
.....................# #
.....................# #
S....................# #
.....................#
..................###


You could see 2 orcs and a ball python (wandering).

Vanquished Creatures
  2 orc priests (D:2)
  An adder (D:2)
  A dart slug (D:3)
  6 orcs
  3 endoplasms
  A giant cockroach (D:1)
  7 goblins
  5 hobgoblins
  19 jackals
  6 kobolds
  2 quokkas
  3 ball pythons
  4 bats
  7 frilled lizards
  4 rats
71 creatures vanquished.

Notes
Turn   | Place    | Note
-------+----------+-------------------------------------------
     0 | D:1      | Kenran the Minotaur Ice Elementalist began the quest for
                  | the Orb.
     0 | D:1      | Reached XP level 1. HP: 14/14 MP: 1/1
    57 | D:1      | Reached skill level 1 in Unarmed Combat
    86 | D:1      | Reached XP level 2. HP: 14/20 MP: 3/3
    89 | D:1      | Reached skill level 2 in Unarmed Combat
   551 | D:1      | Reached skill level 3 in Unarmed Combat
   551 | D:1      | Reached XP level 3. HP: 26/26 MP: 4/4
  1212 | D:2      | Reached skill level 4 in Unarmed Combat
  1212 | D:2      | Reached XP level 4. HP: 27/33 MP: 5/5
  1326 | D:2      | Found a faded altar of an unknown god.
  1392 | D:2      | Found a stormy altar of Qazlal.
  1466 | D:2      | Reached skill level 5 in Unarmed Combat
  1912 | D:3      | Reached XP level 5. HP: 38/38 MP: 6/6
  2316 | D:3      | Slain by an orc

Illustrated notes

Levels and vault maps discovered:
D:1:      lightli_arrival_noodles, layout_basic, nicolae_figureground_pulse
D:2:      layout_basic, chequers_ecumenical_altar_island, basic_altar
D:3:      layout_basic, minmay_misc_feat_five

Skill      XL: |  1  2  3  4 |
---------------+-------------+-----
Unarmed Combat | 1 3 4 5 |  5.3
Dodging        | |  2.1
Stealth        | |  1.5
Spellcasting   | |  1.3
Ice Magic      | |  2.9

Action                     |  1- 3 |  4- 6 || total
---------------------------+-------+-------++-------
  Melee: Unarmed           |   101 |    71 ||   172
         Headbutt          |    11 |     9 ||    20
         Punch             |       |     1 ||     1
    Use: Scroll            |       |     1 ||     1
 Armour: Robe              |    65 |       ||    65
         Ring mail         |     6 |    21 ||    27
         Chain mail        |       |    29 ||    29
  Dodge: Dodged            |    52 |    31 ||    83

Table legend: (Time is in decaauts)
 A = Elapsed time spent in this place.
 B = Non-inter-level travel time spent in this place.
 C = Inter-level travel time spent in this place.
 D = Time resting spent in this place.
 E = Time spent auto-exploring this place.
 F = Levels seen in this place.
 G = Mean time per level.
                   A        B        C        D        E       F      G
               +--------+--------+--------+--------+--------+-----+--------+
         Total |   2308 |   2181 |    127 |    277 |   1365 |   3 |  769.3 |
       Dungeon |   2308 |   2181 |    127 |    277 |   1365 |   3 |  769.3 |
               +--------+--------+--------+--------+--------+-----+--------+

Top non-repeatable levels by time:
     D:1: 1122 daAuts
     D:2: 763 daAuts
     D:3: 423 daAuts
